 Dungeon Crawl Stone Soup version 0.16-a0-4112-g89a4107 (webtiles) character file.

802 toofou the Covered (level 7, -2/62 HPs)
             Began as a Minotaur Berserker on Feb 27, 2015.
             Was an Elder of Trog.
             Slain by a gnoll
             ... wielding a +0 spear
              (3 damage)
             ... on level 5 of the Dungeon.
             The game lasted 00:21:15 (4515 turns).

toofou the Covered (Minotaur Berserker)             Turns: 4515, Time: 00:21:16

Health: -2/62      AC: 10    Str: 24    XL:     7   Next: 59%
Magic:  3/3        EV:  8    Int:  4    God:    Trog [****..]
Gold:   314        SH: 12    Dex:  9    Spells: 0 memorised, 6 levels left

rFire  x . .     SeeInvis .     y - +0 flail (venom)
rCold  + . .     Clarity  .     t - +3 ring mail
rNeg   . . .     SustAb   .     n - +0 large shield
rPois  +         Gourm    .     (helmet restricted)
rElec  .         Spirit   .     (no cloak)
rCorr  .         Warding  .     g - +0 pair of gloves
rMut   .         Stasis   .     (no boots)
MR     .....                    (no amulet)
Stlth  +.........               B - ring of poison resistance
                                H - ring of ice

@: lethally poisoned (-2 -> -8), about to teleport, not resistant to hostile
enchantments, very unstealthy
A: retaliatory headbutt, horns 2
a: Burn Spellbooks, Berserk, Trog's Hand, Brothers in Arms, Renounce Religion


You were on level 5 of the Dungeon.
You worshipped Trog.
Trog was greatly pleased with you.
You were not hungry.

You visited 1 branch of the dungeon, and saw 5 of its levels.
You also visited: Sewer.

You collected 314 gold pieces.

Inventory:

Hand weapons
 y - a +0 flail of venom (weapon)
Armour
 a - a cursed +0 leather armour
 b - a +0 animal skin
 g - a +0 pair of gloves (worn)
 h - a +0 ring mail
 n - a +0 large shield (worn)
 t - a +3 ring mail (worn)
Jewellery
 d - an uncursed ring of sustain abilities
 B - a ring of poison resistance (right hand)
 H - a ring of ice (left hand)
Magical devices
 A - a wand of draining (5)
 E - a wand of heal wounds (0)
Scrolls
 e - 2 scrolls of blinking
 q - 3 scrolls of remove curse
 r - 2 scrolls of random uselessness
 s - 2 scrolls of noise
 u - 4 scrolls of teleportation
 w - a scroll of enchant weapon {unknown}
 z - 3 scrolls of amnesia
 F - a scroll of immolation {unknown}
 G - a scroll of fog {unknown}
 I - a scroll of magic mapping {unknown}
 J - a scroll of identify
Potions
 c - a potion of haste {unknown}
 f - a potion of agility {unknown}
 j - a potion of degeneration {unknown}
 k - a potion of cancellation {unknown}
 l - 2 potions of resistance
 m - a potion of brilliance {unknown}
 o - 2 potions of ambrosia
 p - 2 potions of curing {unknown}
 x - a potion of lignification {unknown}
 C - 4 potions of flight
Comestibles
 i - 2 meat rations
 v - 3 beef jerkies
 D - a royal jelly


   Skills:
 + Level 5.7 Fighting
 + Level 5.8 Maces & Flails
 + Level 5.9 Armour
 + Level 5.5 Dodging
 + Level 0.5 Stealth
 + Level 0.2 Shields


You had 6 spell levels left.
You didn't know any spells.

Dungeon Overview and Level Annotations

Branches:
Dungeon (5/15)
 Temple: D:4-7

Altars:
Sif Muna
Vehumet

Shops:
D:5 *


Innate Abilities, Weirdness & Mutations

You reflexively headbutt those who attack you in melee.
You have a pair of horns on your head.


Message History

Found a scroll of identify.
You open the door.
The gnoll sergeant hits you from afar with a trident of venom.
* * * LOW HITPOINT WARNING * * *
You are lethally poisoned!
* * * LOW HITPOINT WARNING * * *
You feel sick.
There is an open door here.
As you read the scroll of teleportation, it crumbles to dust.
You feel strangely unstable.
* * * LOW HITPOINT WARNING * * *
You feel sick.
* * * LOW HITPOINT WARNING * * *
You feel sick.
The gnoll sergeant hits you from afar with a trident of venom.
* * * LOW HITPOINT WARNING * * *
* * * LOW HITPOINT WARNING * * *
You feel sick.
The gnoll hits you from afar with a spear.
You die...

≈ ≈# #≈# #≈#######≈#
#≈≈#.[.#≈≈# #≈≈#...#≈≈#
#≈≈#.).#≈≈#
###≈###)###≈#####
...≈##≈.≈##≈....#########
...≈≈≈≈.≈≈≈≈..g.@........
.##...........#.#########
.....########.#g###
.##..# #...g...#
.##..##...........#
.##..##...?.......#
..#..##....##.#.###
#.#..# .... #.#.# .#..#
.. #.#+#


You could see a gnoll sergeant and 2 gnolls.

Vanquished Creatures
  A phantom (D:5)
  Duvessa (D:4)
  An ogre (D:4)
  A scorpion (D:4)
  Dowan (D:4)
  An orc wizard (D:4)
  A crimson imp (D:5)
  A hound (D:4)
  A siren (Sewer)
  3 worker ants
  A merfolk avatar (Sewer)
  4 gnolls (D:5)
  9 adders
  4 river rats
  2 giant mites
  A worm (D:4)
  5 giant geckos
  12 orcs
  5 goblins
  10 hobgoblins
  A quokka (D:3)
  4 ball pythons
  5 bats
  6 giant cockroaches
  9 giant newts
  4 jackals (D:4)
  6 kobolds
  32 rats
132 creatures vanquished.

Vanquished Creatures (others)
  6 drowned souls (Sewer)
  A kobold (D:4)
7 creatures vanquished.

Grand Total: 139 creatures vanquished

Notes
Turn   | Place    | Note
--------------------------------------------------------------
     0 | D:1      | toofou, the Minotaur Berserker, began the quest for the Orb.
     0 | D:1      | Reached XP level 1. HP: 19/19 MP: 1/1
   292 | D:1      | Reached XP level 2. HP: 22/27 MP: 1/1
   425 | D:1      | Reached skill level 4 in Fighting
   447 | D:1      | Acquired Trog's second power
  1023 | D:2      | Reached XP level 3. HP: 33/33 MP: 2/2
  1656 | D:3      | Reached XP level 4. HP: 37/41 MP: 2/2
  1984 | D:3      | Found a glowing drain.
  1997 | Sewer    | Entered a sewer
  2095 | Sewer    | Reached XP level 5. HP: 44/47 MP: 2/2
  2164 | Sewer    | Reached skill level 5 in Fighting
  2589 | Sewer    | Acquired Trog's third power
  2602 | Sewer    | Received a gift from Trog
  2608 | Sewer    | Noticed a drowned soul
  2609 | Sewer    | Noticed a drowned soul
  2610 | Sewer    | Noticed a drowned soul
  2611 | Sewer    | Killed a drowned soul
  2612 | Sewer    | Killed a drowned soul
  2612 | Sewer    | Killed a drowned soul
  2613 | Sewer    | Noticed a drowned soul
  2613 | Sewer    | Noticed a drowned soul
  2614 | Sewer    | Noticed a drowned soul
  2614 | Sewer    | Killed a drowned soul
  2615 | Sewer    | Noticed a drowned soul
  2616 | Sewer    | Noticed a drowned soul
  2616 | Sewer    | Noticed a drowned soul
  2616 | Sewer    | Killed a drowned soul
  2616 | Sewer    | Killed a drowned soul
  2866 | D:3      | Reached skill level 5 in Maces & Flails
  3127 | D:4      | Reached XP level 6. HP: 47/56 MP: 3/3
  3148 | D:4      | Found a radiant altar of Vehumet.
  3292 | D:4      | Noticed Dowan
  3293 | D:4      | Noticed Duvessa
  3309 | D:4      | Killed Duvessa
  3315 | D:4      | Killed Dowan
  3315 | D:4      | Reached skill level 5 in Armour
  3886 | D:4      | Found a deep blue altar of Sif Muna.
  3902 | D:4      | Noticed an ogre
  3906 | D:4      | Killed an ogre
  3906 | D:4      | Reached skill level 5 in Dodging
  3906 | D:4      | Reached XP level 7. HP: 61/61 MP: 3/3
  4077 | D:5      | Entered Level 5 of the Dungeon
  4398 | D:5      | Found Skooril's General Store.
  4514 | D:5      | HP: 2/62 [gnoll sergeant/trident of venom (3)]
  4515 | D:5      | Slain by a gnoll

Action                   |  1- 3 |  4- 6 |  7- 9 || total
-------------------------+-------+-------+-------++-------
Melee: Mace              |    53 |       |       ||    53
       Flail             |     9 |   165 |    56 ||   230
Evoke: Wand              |       |     1 |     1 ||     2
  Use: Scroll            |       |       |     8 ||     8
  Eat: Bread ration      |     1 |     1 |     1 ||     3
